 Dungeon Crawl Stone Soup version 0.31.0-11-ge490571c62 (webtiles) character file.

Game seed: 12295500458701250866

182 DemonSlayer the Digger (level 5, -1/35 HPs)
             Began as a Demonspawn Earth Elementalist on Jan 26, 2024.
             Splashed by a jelly's acid (10 damage)
             ... on level 4 of the Dungeon.
             The game lasted 00:04:58 (3567 turns).

DemonSlayer the Digger (DsEE)                       Turns: 3567, Time: 00:04:59

Health: -1/35      AC:  9    Str:  8    XL:     5   Next: 35%
Magic:  9/10       EV: 12    Int: 15    God:
Gold:   1394       SH:  0    Dex: 16    Spells: 2/10 levels left

rFire   . . .        e - +1 short sword
rCold   . . .        (no shield)
rNeg    . . .        a - +1 robe
rPois   .            (no helmet)
rElec   .            (no cloak)
rCorr   .            (no gloves)
SInv    .            k - +2 pair of boots
Will    .....        (no amulet)
Stlth   ++           (no ring)
HPRegen 0.25/turn    (no ring)
MPRegen 0.12/turn

%: no passive effects
@: no status effects
A: yellow scales 2, foul stench 1
a: no special abilities


You were on level 4 of the Dungeon.
You visited 1 branch of the dungeon, and saw 4 of its levels.

You collected 1394 gold pieces.

Inventory:

Hand Weapons
 e - a +1 short sword (weapon)
Armour
 a - a +1 robe (worn)
 k - a +2 pair of boots (worn)
Jewellery
 h - a ring of fire
 o - an amulet of faith
Scrolls
 c - 2 scrolls of poison
 f - a scroll of immolation
 l - 4 scrolls of teleportation
Potions
 b - a potion of magic
 d - a potion of attraction {unknown}
 g - a potion of invisibility {unknown}
 i - 2 potions of curing {unknown}
 j - a potion of mutation {unknown}
 m - a potion of haste {unknown}
 n - a potion of might {unknown}


   Skills:
 + Level 0.1 Short Blades
 + Level 2.1 Dodging
 + Level 2.4 Stealth
 + Level 3.4 Spellcasting
 + Level 1.0 Conjurations
 + Level 4.2 Earth Magic


You had 2 spell levels left.
You knew the following spells:

 Your Spells              Type           Power      Damage    Failure   Level
a - Sandblast             Erth           30%        2d9       3%          1
b - Stone Arrow           Conj/Erth      20%        3d8       19%         3
c - Petrify               Alch/Erth      8%         N/A       63%         4

Your spell library contained the following spells:

 Spells                   Type           Power      Damage    Failure   Level
 Passwall                 Erth           15%        N/A       10%         3
 Brom's Barrelling Bould  Conj/Erth      10%        2d3       54%         4


Dungeon Overview and Level Annotations

Branches:
Dungeon (4/15)
 Temple: D:4-7

Altars:
Nemelex Xobeh


Innate Abilities, Weirdness & Mutations

You are mostly covered in yellow scales. (AC +3)
You may rarely emit foul miasma when damaged in melee.


Message History

You kill the goblin!
The blast of sand hits the endoplasm.
The endoplasm is moderately wounded.
The blast of sand hits the endoplasm.
You kill the endoplasm!
You can't see any susceptible monsters within range! (Use Z to cast anyway.)
You can't see any susceptible monsters within range! (Use Z to cast anyway.)
You can't see any susceptible monsters within range! (Use Z to cast anyway.)
Found a robe.
You see here a +0 robe.
Found a dagger.
You see here a +0 dagger.
Found an escape hatch in the ceiling.
A jelly comes into view.
A jelly is nearby!
A jelly is nearby!
A jelly is nearby!
The jelly quivers.
The jelly hits you.
You are splashed with acid.
You hit the jelly.
Your hands burn!
The jelly is lightly wounded.
The jelly completely misses you.
You hit the jelly.
Your hands burn!
The jelly is heavily wounded.
The jelly hits you.
You are splashed with acid!
You are too injured to fight recklessly!
You are too injured to fight recklessly!
You are too injured to fight recklessly!
You are too injured to fight recklessly!
Casting: Sandblast (safe; 3% risk of failure)
Confirm with . or Enter, or press ? or * to list all spells.
Aiming: Sandblast (safe; 3% risk of failure)
Press: ? - help, Shift-Dir - straight line, f - jelly
Aim: a jelly (heavily wounded, 100% to hit)
The blast of sand hits the jelly!
The jelly is almost dead.
The jelly closely misses you. The jelly hits you.
* * * LOW HITPOINT WARNING * * *
You are splashed with acid!
You die...

## .. #. ##.## ####
#...# #.[. #####..J#
#.##
..<....@#############.#
######...........)....#
#.################ #.
############# #.
#...........## #.
#.#########.#. #. #.#
#.#. #. #.# #.#.
####.####.# #.#.


You could see a jelly.

Vanquished Creatures
  A bombardier beetle (D:4)
  An iguana (D:4)
  5 adders
  2 ribbon worms
  An orc (D:4)
  3 ball pythons
  13 endoplasms
  5 giant cockroaches
  10 goblins
  5 hobgoblins
  3 bats
  2 frilled lizards
  13 kobolds
  8 rats
72 creatures vanquished.

Notes
Turn   | Place    | Note
-------+----------+-------------------------------------------
     0 | D:1      | DemonSlayer the Demonspawn Earth Elementalist began the
                  | quest for the Orb.
     0 | D:1      | Reached XP level 1. HP: 13/13 MP: 3/3
   207 | D:1      | Reached skill level 3 in Earth Magic
   260 | D:1      | Gained mutation: You may rarely emit foul miasma when
                  | damaged in melee. [demonic ancestry]
   260 | D:1      | Reached XP level 2. HP: 19/19 MP: 3/5
  1134 | D:2      | Gained mutation: You are partially covered in yellow
                  | scales. (AC +2) [demonic ancestry]
  1134 | D:2      | Reached XP level 3. HP: 24/24 MP: 6/6
  1138 | D:2      | Learned a level 3 spell: Stone Arrow
  1474 | D:2      | Reached XP level 4. HP: 30/30 MP: 5/8
  1994 | D:2      | Learned a level 4 spell: Petrify
  2064 | D:3      | Identified a scroll of acquirement
  2064 | D:3      | Acquired 1256 gold pieces
  2807 | D:3      | Found a sparkling altar of Nemelex Xobeh.
  3130 | D:4      | Reached skill level 4 in Earth Magic
  3183 | D:4      | Gained mutation: You are mostly covered in yellow scales.
                  | (AC +3) [demonic ancestry]
  3183 | D:4      | Reached XP level 5. HP: 28/35 MP: 3/10
  3567 | D:4      | Splashed by a jelly's acid

Illustrated notes

Levels and vault maps discovered:
D:1:      roderic_octagonal_star, layout_basic, minmay_pentomino_q2
D:2:      layout_loops_ring
D:3:      layout_basic, mainiacjoe_overflow_tiny_flanked, due_unseen_surprise
D:4:      layout_loops_ring

Skill      XL: |  1  2  3  4 |
---------------+-------------+-----
Earth Magic    | 3 4 |  4.2
Dodging        | 2 |  2.1
Stealth        | 2 |  2.4
Spellcasting   | 3 |  3.4
Short Blades   | |  0.1
Conjurations   | |  1.0

Action                     |  1- 3 |  4- 6 || total
---------------------------+-------+-------++-------
  Melee: Short sword       |    37 |    29 ||    66
   Cast: Sandblast         |    46 |    48 ||    94
    Use: Scroll            |       |     7 ||     7
   Stab: Sleeping          |     5 |     1 ||     6
 Armour: Robe              |    25 |    32 ||    57
  Dodge: Dodged            |    42 |    33 ||    75
